Map: [ESL] Cosmic Sapphire

Players

Lambo - Winner!

  • Race: Zerg Zerg
  • Spawn Location: 5:00

Hellraiser

  • Race: Protoss Protoss
  • Spawn Location: 11:00

Event: DreamHack SC2 Masters 2022 Atlanta (Online)

VOD

Have the link to the VOD?

Description

Time

  • Played on: Oct. 1, 2022, 11:33 a.m.
  • Length: 9:23

All games in this series

Show
View Real Time Build Order
Export as new Build Order

Lambo Zerg - Winner!

Build Orders: Hatch First 

Get SALT Encoding   

  12  0:00  Drone  
  13  0:12  Overlord  
  13  0:16  Drone  
  14  0:31  Drone x2  
  16  0:47  Hatchery  
  15  0:50  Drone  
  15  0:54  Drone  
  17  0:57  Drone  
  18  1:07  Extractor  
  17  1:12  Spawning Pool  
  17  1:15  Drone  
  18  1:18  Drone  
  18  1:27  Drone  
  19  1:38  Drone  
  20  1:52  Drone  
  21  1:59  Queen x2  
  21  2:00  Zergling x2  
  26  2:02  Overlord  
  26  2:10  Metabolic Boost  
  26  2:11  Drone x2  
  28  2:21  Drone x2  
  30  2:31  Drone  
  30  2:34  Hatchery  
  30  2:38  Drone  
  30  2:42  Drone  
  32  2:44  Overlord  
  32  2:48  Queen  
  34  2:54  Drone x2  
  36  3:05  Drone x2  
  38  3:06  Overlord  
  38  3:08  Drone x3  
  38  3:10  Drone  
  42  3:14  Queen  
  42  3:17  Overlord  
  44  3:25  Queen  
  46  3:27  Drone x2  
  46  3:28  Drone  
  46  3:34  Overlord  
  49  3:39  Drone x2  
  49  3:40  Drone x2  
  53  3:47  Queen  
  55  3:50  Overlord  
  55  3:53  Zergling x4  
  59  3:57  Spore Crawler  
  59  4:01  Overlord  
  59  4:02  Drone x4  
  60  4:09  Overlord  
  60  4:10  Drone  
  60  4:12  Drone  
  62  4:19  Zergling x4  
  62  4:23  Drone  
  65  4:25  Queen  
  65  4:29  Drone x2  
  65  4:31  Lair, Drone  
  69  4:32  Drone x2, Roach Warren  
  69  4:34  Drone x3  
  74  4:39  Extractor  
  74  4:41  Extractor  
  74  4:42  Zergling x2  
  74  4:44  Drone x2  
  74  4:46  Zergling x2  
  74  4:50  Drone x3  
  78  5:00  Drone x5, Hatchery  
  78  5:03  Queen  
  78  5:06  Drone x4  
  78  5:07  Drone  
  89  5:10  Extractor  
  89  5:12  Drone  
  89  5:17  Overlord  
  89  5:19  Overlord  
  89  5:20  Extractor x2  
  89  5:21  Drone x2  
  89  5:24  Drone  
  89  5:27  Overlord, Evolution Chamber  
  89  5:30  Overlord  
  89  5:31  Drone  
  89  5:35  Overseer  
  90  5:36  Overlord  
  90  5:37  Overlord  
  90  5:42  Spire  
  89  5:45  Zergling x6  
  89  5:47  Roach x3, Overlord  
  89  5:48  Overlord  
  98  5:50  Drone  
  98  5:54  Queen  
  98  5:55  Glial Reconstitution, Zerg Missile Weapons Level 1  
  100  6:02  Roach x2  
  104  6:04  Queen  
  104  6:05  Queen  
  104  6:10  Drone  
  104  6:11  Drone x4  
  111  6:13  Drone  
  111  6:14  Drone  
  113  6:21  Overlord  
  113  6:26  Overlord  
  113  6:40  Drone x8  
  113  6:41  Extractor  
  113  6:42  Drone x2, Extractor  
  121  6:52  Queen  
  123  6:54  Mutalisk, Drone x3, Hatchery  
  123  6:55  Mutalisk x4  
  123  6:57  Mutalisk x2  
  123  6:59  Mutalisk  
  139  7:01  Zerg Flyer Weapons Level 1  
  139  7:02  Mutalisk  
  139  7:03  Mutalisk  
  139  7:06  Mutalisk  
  145  7:09  Mutalisk  
  144  7:21  Mutalisk  
  144  7:22  Mutalisk  
  144  7:24  Zergling x22, Roach  
  155  7:31  Roach  
  155  7:32  Roach x4  
  163  7:40  Roach x2  
  167  7:44  Baneling Nest, Queen  
  167  7:45  Overlord  
  167  7:46  Overlord  
  167  7:47  Overlord  
  167  7:49  Overlord  
  168  8:05  Zergling x28  
  180  8:09  Roach x2  
  180  8:12  Roach x3  
  179  8:13  Roach  
  169  8:23  Roach x8  
  182  8:27  Roach x2  
  170  8:34  Zergling x2, Roach  
  170  8:35  Zergling x12, Ravager x2  
  170  8:36  Ravager x5  
  170  8:39  Ravager x2  
  170  8:40  Drone x3  
  183  8:42  Zergling x6  
  183  8:43  Ravager  
  187  8:48  Zergling x10  
  189  8:58  Roach x5  
Show
View Real Time Build Order
Export as new Build Order

Hellraiser Protoss 

Build Orders: Nexus First, Zealot Archon 

Get SALT Encoding   

  12  0:00  Probe  
  13  0:12  Probe  
  14  0:20  Pylon  
  14  0:24  Probe  
  15  0:38  Probe  
  16  0:50  Probe  
  17  0:58  Nexus  
  17  1:09  Gateway  
  17  1:11  Probe (Chrono Boost)  
  18  1:20  Probe (Chrono Boost), Assimilator  
  18  1:25  Probe (Chrono Boost), Assimilator  
  20  1:33  Pylon  
  20  1:38  Probe (Chrono Boost)  
  21  1:43  Probe (Chrono Boost)  
  22  1:53  Probe  
  23  2:03  Cybernetics Core  
  23  2:04  Zealot  
  23  2:06  Probe (Chrono Boost)  
  26  2:10  Probe (Chrono Boost)  
  28  2:17  Probe (Chrono Boost)  
  28  2:19  Probe (Chrono Boost)  
  28  2:22  Probe (Chrono Boost)  
  29  2:24  Probe (Chrono Boost)  
  31  2:32  Probe  
  31  2:36  Probe  
  33  2:41  Stargate  
  33  2:43  Warp Gate  
  33  2:44  Probe  
  33  2:46  Adept  
  33  2:48  Probe  
  37  2:54  Gateway  
  37  2:56  Probe  
  38  3:00  Probe  
  39  3:07  Pylon  
  39  3:08  Probe  
  39  3:12  Probe  
  41  3:16  Assimilator  
  41  3:17  Assimilator  
  41  3:20  Probe  
  41  3:24  Probe  
  47  3:29  Void Ray (Chrono Boost)  
  47  3:33  Probe  
  48  3:36  Probe  
  49  3:45  Nexus, Probe  
  50  3:48  Pylon  
  50  3:50  Probe  
  51  3:57  Probe  
  52  4:06  Fleet Beacon  
  52  4:08  Stargate  
  52  4:10  Probe  
  52  4:13  Probe  
  54  4:18  Pylon  
  54  4:22  Probe  
  55  4:25  Probe  
  55  4:30  Pylon  
  55  4:31  Adept x2  
  60  4:34  Probe  
  62  4:47  Probe  
  62  4:48  Tempest (Chrono Boost)  
  62  4:51  Tempest (Chrono Boost)  
  72  4:54  Probe  
  72  4:57  Probe  
  72  4:59  Probe  
  75  5:06  Probe  
  76  5:11  Probe  
  78  5:14  Forge  
  78  5:17  Shield Battery  
  78  5:18  Probe  
  78  5:19  Tempest (Chrono Boost)  
  78  5:22  Tempest (Chrono Boost)  
  78  5:24  Probe  
  78  5:25  Probe  
  90  5:31  Probe  
  90  5:33  Twilight Council  
  91  5:37  Probe x2, Assimilator  
  91  5:41  Assimilator  
  93  5:49  Pylon  
  93  5:52  Pylon  
  93  5:55  Protoss Ground Weapons Level 1  
  93  6:03  Pylon  
  93  6:04  Pylon  
  93  6:07  Tempest  
  93  6:08  Probe x3  
  93  6:09  Charge (Chrono Boost)  
  93  6:10  Unknown  
  101  6:18  Gateway x2  
  101  6:19  Templar Archives  
  101  6:20  Probe x3  
  104  6:32  Probe x3, Gateway  
  107  6:37  Gateway  
  107  6:44  Probe  
  108  6:51  Probe x2  
  108  6:53  Nexus  
  110  6:57  Pylon  
  110  6:58  Zealot x2  
  114  7:02  Robotics Facility  
  114  7:06  Gateway x2  
  113  7:15  High Templar  
  115  7:16  High Templar  
  117  7:27  High Templar x2  
  117  7:28  Archon  
  121  7:32  Phoenix x2 (Chrono Boost)  
  115  7:38  Photon Cannon  
  115  7:39  Zealot x2  
  115  7:40  Archon  
  115  7:42  Anion Pulse-Crystals  
  119  7:46  Probe  
  119  7:47  Photon Cannon  
  119  7:48  Phoenix (Chrono Boost)  
  119  7:50  Phoenix (Chrono Boost)  
  122  7:54  Probe  
  122  7:55  Photon Cannon  
  125  7:58  Shield Battery  
  125  7:59  Stalker  
  125  8:02  Stalker x3  
  128  8:10  Phoenix (Chrono Boost)  
  128  8:12  Phoenix (Chrono Boost)  
  124  8:15  Zealot x4  
  120  8:23  Probe  
  120  8:25  Probe  
  114  8:28  Phoenix (Chrono Boost), Zealot x4  
  116  8:37  Probe x3  
  116  8:38  Probe  
  116  8:39  Phoenix (Chrono Boost)  
  122  8:42  Zealot x2, High Templar x2  
  122  8:44  Pylon  
  122  8:47  Archon  
  130  8:48  Phoenix (Chrono Boost)  
  130  8:49  Probe x3  
  130  8:50  Probe  
  134  9:01  Zealot x4, Probe x3  
  134  9:02  Probe  
  134  9:06  Zealot x2  
  124  9:14  Zealot x2  
Tags
 
Add a new tag
Caveats
  • Supply blocks, unpowered buildings, or Contaminate may cause inaccurate times.
  • Supply counts are checked every 10 seconds.